 Dungeon Crawl Stone Soup version 0.31-a0-1321-g5021b54cb2 (webtiles) character file.

Game seed: 18073403074587102808

181 Hubris850 the Shooter (level 5, -2/32 HPs)
             Began as a Kobold Hexslinger on Dec 20, 2023.
             Was an Initiate of Makhleb.
             Slain by Dowan
             ... wielding a +0 dagger
              (4 damage)
             ... on level 4 of the Dungeon.
             The game lasted 00:08:20 (2835 turns).

Hubris850 the Shooter (Kobold Hexslinger)           Turns: 2835, Time: 00:08:21

Health: -2/32      AC:  4    Str:  5    XL:     5   Next: 92%
Magic:  3/6        EV: 14    Int: 15    God:    Makhleb [......]
Gold:   87         SH:  0    Dex: 19    Spells: 4/6 levels left

rFire   + . .        a - +1 sling
rCold   . . .        (no shield)
rNeg    + . .        y - +0 leather armour {rN+}
rPois   .            (no helmet)
rElec   .            (no cloak)
rCorr   .            (no gloves)
SInv    .            u - +0 pair of boots
Will    .....        (no amulet)
Stlth   ++           B - ring of protection from fire
HPRegen 0.25/turn    (no ring)
MPRegen 0.10/turn

%: no passive effects
@: weak-willed, jinxed
A: small, no large weapons, nightstalker 3
a: Renounce Religion


You were on level 4 of the Dungeon.
You worshipped Makhleb.
Makhleb was noncommittal.
You visited 1 branch of the dungeon, and saw 4 of its levels.

You collected 282 gold pieces.
You spent 195 gold pieces at shops.

Inventory:

Hand Weapons
 a - a +1 sling (weapon)
 b - a +0 dagger of freezing
Missiles
 p - 4 boomerangs
Armour
 c - a +0 robe
 n - a +0 ring mail
 u - a +0 pair of boots (worn)
 v - a +0 leather armour
 y - a +0 leather armour of positive energy (worn)
Jewellery
 B - a ring of protection from fire (left hand)
Wands
 A - a wand of flame (8)
Scrolls
 d - a scroll of revelation {unknown}
 e - a scroll of torment {unknown}
 f - 2 scrolls of enchant weapon {unknown}
 h - 2 scrolls of blinking {unknown}
 i - a scroll of silence {unknown}
 m - 3 scrolls of teleportation {unknown}
 o - a scroll of fog {unknown}
 q - 2 scrolls of poison
 s - a scroll of enchant armour {unknown}
 z - a scroll of identify {unknown}
Potions
 g - a potion of mutation {unknown}
 j - 2 potions of curing {unknown}
 k - a potion of degeneration {unknown}
 l - a potion of haste {unknown}
 r - a potion of invisibility {unknown}
 t - a potion of attraction {unknown}
 w - a potion of brilliance {unknown}
 x - a potion of lignification {unknown}


   Skills:
 - Level 3.0 Fighting
 + Level 6.3 Ranged Weapons
 - Level 3.0 Dodging
 - Level 1.1 Spellcasting
 - Level 3.0 Hexes
 - Level 1.0 Fire Magic


You had 4 spell levels left.
You knew the following spells:

 Your Spells              Type           Power      Damage    Failure   Level
a - Jinxbite              Hex            18%        N/A       19%         2

Your spell library contained the following spells:

 Spells                   Type           Power      Damage    Failure   Level
 Ensorcelled Hibernation  Hex/Ice        10%        N/A       32%         2
 Sigil of Binding         Hex            9%         N/A       34%         3
 Necrotise                Necr           0%         1d4       38%         1
 Inner Flame              Hex/Fire       6%         N/A       47%         3
 Passwall                 Alch/Erth      0%         N/A       52%         2
 Cause Fear               Hex            4%         N/A       75%         4
 Fugue of the Fallen      Necr           0%         N/A       77%         3
 Anguish                  Hex/Necr       2%         N/A       91%         4
 Dimensional Bullseye     Hex/Tloc       2%         N/A       91%         4
 Brom's Barrelling Bould  Conj/Erth      0%         2d3       99%         4


Dungeon Overview and Level Annotations

Branches:
Dungeon (4/15)
 Temple: D:4-7

Altars:
Makhleb

Shops:
D:1 *   D:3 [

Annotations:
D:4 Dowan, Duvessa


Innate Abilities, Weirdness & Mutations

You are small and have problems with some larger weapons.
You are completely attuned to the shadows.


Message History

Dowan is heavily wounded.
Dowan gestures at something while chanting.
You shoot a sling bullet.
The sling bullet hits Dowan but does no damage.
Dowan is heavily wounded.
A giggling sprite leaps out and smacks Dowan with his own hand.
Dowan is heavily wounded.
The jinxing sprites lose interest in you.
You shoot a sling bullet.
The sling bullet completely misses Dowan.
You hear a shout!
Duvessa, Sister of Dowan comes into view.
She is wielding a +0 short sword.
You shoot a sling bullet. The sling bullet misses Dowan.
The sling bullet hits Duvessa but does no damage.
Dowan hits you but does no damage.
You shoot a sling bullet. The sling bullet hits Dowan.
Dowan is severely wounded.
Duvessa misses you. Dowan hits you with a +0 dagger.
You shoot a sling bullet. The sling bullet closely misses Dowan.
Duvessa barely misses you.
Dowan says, "Stay away from my face!"
Dowan hits you but does no damage. Duvessa hits you with a +0 short sword.
You are too injured to fight recklessly!
You are too injured to fight recklessly!
Casting: Jinxbite (safe; 19% risk of failure)
Confirm with . or Enter, or press ? or * to list all spells.
You beckon some vexing sprites to accompany your attacks.
You feel your willpower being sapped.
Dowan seems less drained.
Duvessa hits you with a +0 short sword. Dowan completely misses you.
Duvessa hits you with a +0 short sword!
* * * LOW HITPOINT WARNING * * *
You are too injured to fight recklessly!
You are too injured to fight recklessly!
Fire: a) +1 sling
Press: ? - help, Q - select action, (/) - cycle Shift-Dir - straight line, f/p - Dowan
Aim: Dowan, wielding a +0 dagger and wearing a +0 robe (severely wounded, chance to call a sprite on attack: 43%, 54% to hit)
You shoot a sling bullet. The sling bullet hits Dowan.
Dowan is almost dead.
Duvessa hits you but does no damage. Dowan hits you with a +0 dagger.
You die...

############# #......#'#######
............# #......'......#
............######......#......#
........<..........######......#
...................'...#.......#
...................#...#.......#
†..................#...#.......#
...................#...##......#
#####@###...##...##.##
...ee#.....##...##.##
.....#.....#.........
.....#.....'.........
.....#.....#.........
#.....#.........
#.....#.........
#.....#.........
################


You could see Duvessa (fast) and Dowan.

Vanquished Creatures
  A scorpion (D:4)
  An iguana (D:4)
  2 adders
  A worm (D:4)
  5 dart slugs
  An orc (D:3)
  8 ball pythons
  3 bats
  10 endoplasms
  7 giant cockroaches
  3 goblins
  6 hobgoblins
  2 quokkas
  3 frilled lizards
  5 kobolds
  5 rats
63 creatures vanquished.

Notes
Turn   | Place    | Note
-------+----------+-------------------------------------------
     0 | D:1      | Hubris850 the Kobold Hexslinger began the quest for the
                  | Orb.
     0 | D:1      | Reached XP level 1. HP: 12/12 MP: 2/2
   132 | D:1      | Reached skill level 3 in Ranged Weapons
   132 | D:1      | Reached XP level 2. HP: 16/16 MP: 3/3
   319 | D:1      | Reached XP level 3. HP: 19/21 MP: 4/4
   355 | D:1      | Got the Exposition on the Decaying Volcano
   404 | D:1      | Found Caxuqoipn's General Store.
   896 | D:2      | Learned a level 2 spell: Jinxbite
   937 | D:2      | Found a burning altar of Makhleb.
   990 | D:2      | Became a worshipper of Makhleb the Destroyer
  1341 | D:2      | Reached skill level 4 in Ranged Weapons
  1341 | D:2      | Reached XP level 4. HP: 17/27 MP: 2/5
  1858 | D:3      | Found a faded altar of an unknown god.
  1972 | D:3      | Found Imuvaet's Antique Armour Shop.
  1977 | D:3      | Bought a pair of boots for 135 gold pieces
  1977 | D:3      | Bought a leather armour for 60 gold pieces
  2311 | D:4      | Reached skill level 5 in Ranged Weapons
  2311 | D:4      | Reached XP level 5. HP: 32/32 MP: 6/6
  2502 | D:4      | Reached skill level 6 in Ranged Weapons
  2825 | D:4      | Noticed Dowan
  2830 | D:4      | Noticed Duvessa
  2835 | D:4      | Slain by Dowan

Illustrated notes

Levels and vault maps discovered:
D:1:      dpeg_arrival_simpleton_c, layout_loops_cross, serial_shops, shop
D:2:      layout_loops_cross, basic_altar
D:3:      layout_rooms, shapermc_ecumenical_altar_starsandcircs, serial_shops,
          nicolae_diamond_shop
D:4:      layout_gridville, serial_park_tiny_1, minmay_tree_intersection,
          grunt_decor_junction, uniq_duvessa

Skill      XL: |  1  2  3  4  5 |
---------------+----------------+-----
Ranged Weapons | 3 4 5 6 |  6.3
Dodging        | 3 |  3.0
Fighting       | 2 3 |  3.0
Spellcasting   | |  1.1
Hexes          | |  3.0
Fire Magic     | |  1.0

Action                     |  1- 3 |  4- 6 || total
---------------------------+-------+-------++-------
   Fire: Sling             |    74 |    83 ||   157
   Cast: Jinxbite          |     2 |     4 ||     6
 Armour: Robe              |     9 |     5 ||    14
         Leather armour    |       |    16 ||    16
  Dodge: Dodged            |    16 |    17 ||    33

Table legend: (Time is in decaauts)
 A = Elapsed time spent in this place.
 B = Non-inter-level travel time spent in this place.
 C = Inter-level travel time spent in this place.
 D = Time resting spent in this place.
 E = Time spent auto-exploring this place.
 F = Levels seen in this place.
 G = Mean time per level.
                   A        B        C        D        E       F      G
               +--------+--------+--------+--------+--------+-----+--------+
         Total |   2867 |   2800 |     67 |     54 |   2348 |   4 |  716.8 |
       Dungeon |   2867 |   2800 |     67 |     54 |   2348 |   4 |  716.8 |
               +--------+--------+--------+--------+--------+-----+--------+

Top non-repeatable levels by time:
     D:1: 842 daAuts
     D:2: 769 daAuts
     D:4: 710 daAuts
     D:3: 545 daAuts
